AoeStats
← Kitoow

Yucatan

510304814Analyzed
4v4 RM · 20h ago on Sep 30, 2026· 34m 13s· 8 players
Game mode
Random Map
Map size
Large (8 player)
Population
200
Speed
Normal
Resources
Standard
Victory
Conquest
Starting age
Dark Age
Ending age
Imperial Age
RankedLock teamsTeams togetherTeam positionsShared explorationLock speedFull tech treeHidden civsTurbo modeCheats
Victory
Defeat
🇨🇳 Magyars · China
864
+12
🇵🇰 Mongols · Pakistan
785
+15
🇷🇺 Khmer · Russia
758
+17
🇨🇳 Britons · China
714
+19
🇦🇺 Danes · Australia
830
-18
🇨🇱 Italians · Chile
804
-17
🇨🇳 Persians · China
748
-15
🇨🇳 Teutons · China
708
-13
shprot
3:10 Loom
11:37 Feudal Age
15:59 Castle Age
14:16 Double-Bit Axe
14:13 Horse Collar
17:12 Wheelbarrow
17:30 Bow Saw
17:27 Heavy Plow
18:30 Stone Mining
25:29 Caravan
26:11 Bloodlines
26:01 Husbandry
27:41 Hand Cart
34:55 Imperial Age
32:32 Scale Mail Armor
32:47 Scale Barding Armor
sehal
5:07 Loom
11:51 Feudal Age
17:18 Castle Age
16:31 Stone Mining
16:32 Double-Bit Axe
16:30 Horse Collar
24:24 Scale Barding Armor
30:47 Fletching
30:59 Padded Archer Armor
32:39 Bodkin Arrow
33:00 Leather Archer Armor
33:35 Wheelbarrow
33:24 Husbandry
33:43 Bloodlines
菜鸟驿站
11:23 Feudal Age
9:53 Loom
12:14 Double-Bit Axe
17:05 Gold Mining
19:23 Castle Age
18:01 Stone Mining
31:22 Imperial Age
30:11 Wheelbarrow
29:17 Crossbowman
30:41 Fletching
30:51 Padded Archer Armor
31:41 Bow Saw
32:47 Yeomen
34:52 Ballistics
VespidVeil98689
0:46 Loom
13:33 Feudal Age
14:11 Double-Bit Axe
14:11 Fishing Lines
19:57 Castle Age
18:48 Gold Mining
18:48 Stone Mining
20:33 Bloodlines
26:54 Husbandry
29:47 Wheelbarrow
30:36 Gillnets
36:05 Imperial Age
33:53 Hand Cart
33:23 Town Watch
33:47 Scale Barding Armor
34:16 Bow Saw
33:49 Horse Collar
34:17 Corvinian Army
Jbwjbw92
10:45 Feudal Age
9:55 Loom
14:52 Castle Age
17:24 Double-Bit Axe
20:49 Bow Saw
21:44 Wheelbarrow
21:10 Horse Collar
23:21 Gold Mining
baiyileng
9:25 Feudal Age
13:29 Double-Bit Axe
18:23 Castle Age
18:18 Loom
19:10 Wheelbarrow
18:21 Town Watch
18:28 Horse Collar
19:41 Heavy Plow
19:56 Bow Saw
Kitoow
7:16 Loom
12:17 Feudal Age
13:56 Double-Bit Axe
14:18 Fishing Lines
20:26 Castle Age
23:17 Bloodlines
22:39 Pikeman
23:54 Gillnets
25:09 Wheelbarrow
24:37 Gold Mining
26:31 Elite Skirmisher
29:52 Bow Saw
30:33 Ballistics
30:14 Fletching
30:25 Padded Archer Armor
32:04 Hand Cart
1192339610
0:37 Loom
10:48 Feudal Age
17:34 Wheelbarrow
16:42 Horse Collar
16:50 Double-Bit Axe
20:36 Castle Age
22:33 Pikeman
23:14 Squires
22:59 Gambesons
23:00 Arson
Connection lost

Rejoining the realm…

Still unreachable

The connection could not be restored.

Session expired

The server has moved on; the page needs a fresh start.